AoeStats
← 沒起房子我日

MegaRandom

509571136Analyzed
4v4 RM · 5d ago on Sep 27, 2026· 23m 44s· 8 players
Game mode
Random Map
Map size
Large (8 player)
Population
200
Speed
Normal
Resources
Standard
Victory
Conquest
Starting age
Dark Age
Ending age
Imperial Age
RankedLock teamsTeams togetherTeam positionsShared explorationLock speedFull tech treeHidden civsTurbo modeCheats
Victory
Defeat
🇩🇪 Portuguese · Germany
1535
+13
🇺🇸 Lithuanians · United States
1524
+14
🇷🇺 Bohemians · Russia
1520
+14
🇺🇦 Ethiopians · Ukraine
1412
+20
🇹🇼 Varangians · Taiwan
1565
-19
🇹🇼 Mongols · Taiwan
1465
-15
🇫🇮 Mongols · Finland
1444
-14
🇦🇹 Khmer · Austria
1430
-13
BaiKai AOE
9:08 Feudal Age
12:59 Castle Age
11:50 Double-Bit Axe
15:01 Loom
15:55 Bow Saw
17:20 Fletching
沒起房子我日
6:32 Loom
9:07 Feudal Age
9:39 Double-Bit Axe
10:20 Horse Collar
12:47 Bloodlines
15:36 Scale Barding Armor
17:03 Forging
23:51 Castle Age
22:31 Gold Mining
Sunday x Junior
6:26 Loom
8:47 Feudal Age
9:16 Double-Bit Axe
10:21 Horse Collar
13:48 Scale Barding Armor
20:16 Castle Age
19:27 Fletching
21:21 Bloodlines
21:42 Bodkin Arrow
23:23 Ballistics
23:16 Husbandry
Killerqueen
8:39 Loom
10:57 Feudal Age
14:18 Castle Age
13:08 Double-Bit Axe
13:16 Horse Collar
AttilathePun463
6:23 Loom
8:40 Feudal Age
9:28 Double-Bit Axe
9:45 Horse Collar
14:00 Forging
15:50 Scale Barding Armor
18:26 Bloodlines
23:15 Wheelbarrow
25:48 Castle Age
Skyle
7:42 Loom
10:19 Feudal Age
11:09 Double-Bit Axe
13:23 Horse Collar
19:28 Castle Age
18:30 Fletching
19:40 Crossbowman
20:17 Bodkin Arrow
20:22 Padded Archer Armor
21:28 Wheelbarrow
22:52 Forging
22:54 Heavy Plow
23:23 Bow Saw
lootingbear
6:55 Loom
7:36 Loom
9:31 Feudal Age
14:50 Castle Age
BlackBaby
6:45 Loom
9:12 Feudal Age
9:53 Double-Bit Axe
12:53 Fletching
16:14 Padded Archer Armor
19:51 Castle Age
20:28 Bodkin Arrow
19:59 Crossbowman
21:47 Wheelbarrow
22:24 Bow Saw
Connection lost

Rejoining the realm…

Still unreachable

The connection could not be restored.

Session expired

The server has moved on; the page needs a fresh start.